[Event "AI Cup Div-3 2023"]
[Site "Online"]
[Date "2023.09.25"]
[Round "2.2"]
[White "Durarbayli, Vasif"]
[Black "Robson, Ray"]
[Result "0-1"]
[Annotator "TA"]
[ECO "B92"]
[WhiteElo "2625"]
[BlackElo "2699"]
[PlyCount "200"]
[EventDate "2023.09.18"]
[EventType "k.o."]
[EventCountry "NET"]
[SourceTitle "playchess.com"]
[Source "ChessBase"]
[SourceQuality "1"]
[TimeControl "900+3"]

1. e4 c5 2. Nf3 d6 3. d4 cxd4 4. Nxd4 Nf6 5. Nc3 a6 6. Be2 e5 7. Nb3 Be7 8. Be3 Be6 9. Nd5 Nbd7 10. Qd3 O-O 11. c4 b5 12. cxb5 axb5 13. O-O Bxd5 14. exd5 Nb6 15. Bxb6 Qxb6 16. Qxb5 Qa7 17. a4 Rab8 18. Qd3 Rb4 19. a5 e4 (19... Rfb8 $5 20. Ra3 e4 $11) 20. Qd1 (20. Qc3 $142 Rfb8 21. Bc4) 20... Rfb8 21. Ra3 e3 22. f3 R8b5 (22... h5 $11) 23. a6 $14 Rxd5 24. Qc2 Bd8 25. Rd1 h5 26. Rxd5 Nxd5 {[%emt 0:00:02] [#]} 27. g3 $1 h4 (27... Rb8 $142) 28. Na5 $16 (28. Qc6 Nf6 $16) 28... Bxa5 $2 (28... Rb5 $16 {keeps fighting.}) 29. Rxa5 Ne7 30. Qc3 Rb8 31. Kg2 (31. gxh4 Rc8 32. Qb3 g6 $16) 31... Rc8 32. Qd3 Qb6 (32... g6 $142 33. Ra4 (33. Qxd6 Nf5 $14) (33. gxh4 d5 $16) 33... Rb8) 33. Ra3 $18 Qxb2 34. a7 (34. gxh4 $2 Rc2 $19) (34. Qxe3 $2 Nf5 35. Qe4 (35. Qd3 $2 Nd4 $19) 35... Rc2 $19) 34... Qb7 35. Qxe3 (35. Qa6 $142 Qa8 36. Bd3 (36. Rxe3 Rc7 $16) (36. gxh4 Rc2 $18)) 35... Ra8 $18 36. Qd4 $2 ({White has to play} 36. gxh4 $18 {h5 is the strong threat.} g6 37. h5) 36... hxg3 $11 37. hxg3 Nc8 38. Re3 Qc6 $2 (38... Ne7 $11 {and Black is okay.} 39. Ra3 (39. Qxd6 $2 Nf5 $19) 39... Nc8) 39. Qe4 $2 ({Less strong is} 39. Rc3 Qe8 40. Bd3 (40. Re3 Qf8 $14) 40... Nxa7 $16) (39. Qh4 $18 Nxa7 40. Bd3) 39... Nxa7 $11 40. Ra3 d5 41. Qd3 Nc8 42. Rc3 Qd7 43. Qc2 Ne7 44. Rc7 Qd6 45. Rb7 g6 46. Qc7 (46. Bd3 $15) 46... Qxc7 $17 47. Rxc7 {[%emt 0:00:00] [#]} Nf5 $1 48. Rd7 $2 (48. Bb5 $17) 48... Ra2 $19 49. Kf2 Nd4 50. Rxd5 Nxe2 51. Rd8+ Kg7 52. g4 Nf4+ 53. Kg3 Ne2+ 54. Kf2 g5 55. Rb8 Nf4+ 56. Ke3 Re2+ 57. Kd4 Ng6 58. Rb5 f6 59. Rb7+ Re7 60. Rb6 Nh4 61. Rb3 Kg6 62. Ra3 Re5 63. Rb3 Re1 64. Ra3 Ng2 65. Ra8 Nf4 66. Rg8+ Kf7 67. Ra8 Re5 68. Ra7+ Kg6 69. Ra3 Ne6+ 70. Kd3 f5 71. gxf5+ Kxf5 72. Ra7 Nf4+ 73. Kd4 Rd5+ 74. Ke3 Rd3+ 75. Kf2 Rd2+ 76. Kf1 Ng6 77. Rf7+ Ke6 78. Rg7 Kf6 79. Rg8 Ra2 80. Rb8 Kf5 81. Rg8 Nf4 82. Rf8+ Ke5 83. Re8+ Ne6 84. Re7 Kf6 85. Re8 Nd4 86. Re4 Ra1+ ({Weaker is} 86... Nxf3 87. Rf4+ Kg7 88. Rxf3 $11) 87. Kf2 Ra2+ 88. Kf1 $1 Nf5 ({Inferior is} 88... Nxf3 89. Rf4+ Kg6 90. Rxf3 $11) 89. Rb4 Kg6 90. Rb8 Ng3+ 91. Kg1 Kf5 92. Rf8+ Ke5 93. f4+ gxf4 94. Re8+ Kd4 95. Rd8+ Ke3 96. Rd3+ Ke2 97. Rf3 Ra4 98. Kg2 Nf5 99. Rf2+ Ke3 100. Rf3+ Ke4 0-1

[Event "AI Cup Div-3 2023"]
[Site "Online"]
[Date "2023.09.25"]
[Round "2.2"]
[White "Rakhmanov, Aleksandr"]
[Black "Meier, Georg"]
[Result "0-1"]
[Annotator "ChessBase"]
[ECO "E44"]
[WhiteElo "2614"]
[BlackElo "2628"]
[PlyCount "98"]
[EventDate "2023.09.18"]
[EventType "k.o."]
[EventCountry "NET"]
[SourceTitle "playchess.com"]
[Source "ChessBase"]
[SourceQuality "1"]
[TimeControl "900+3"]

1. d4 e6 2. c4 b6 3. Nc3 Bb7 4. e3 Bb4 5. Nge2 Nf6 6. a3 Bd6 7. d5 c6 8. g3 cxd5 9. Bg2 Na6 10. O-O Nc7 11. cxd5 Ncxd5 12. Nxd5 exd5 13. Nc3 O-O 14. Nxd5 Nxd5 15. Bxd5 Bc6 16. Qb3 Be5 17. Rd1 Qf6 18. Rb1 Rac8 19. Bg2 Rfd8 20. Bd2 Bxg2 21. Kxg2 Qc6+ 22. Kg1 h5 23. Bb4 d5 24. Qd3 g6 25. Qe2 d4 26. e4 a5 27. Be1 Qc2 28. Qd3 a4 29. b3 b5 30. bxa4 bxa4 31. Kg2 Re8 32. Qxc2 Rxc2 33. Rb4 Bf6 34. Rd2 Rc1 35. Re2 Rd8 36. Bd2 Rc2 37. f4 d3 38. Rf2 Bd4 39. Rxd4 Rxd4 40. Kf3 f5 41. exf5 gxf5 42. Ke3 Rd5 43. Rf1 Rc4 44. Kf3 Re4 45. Rf2 Rb5 46. Bb4 Re2 47. Rf1 Rxh2 48. Rd1 Rd5 49. Ke3 Kf7 0-1

[Event "AI Cup Div-3 2023"]
[Site "Online"]
[Date "2023.09.25"]
[Round "2.2"]
[White "Martinez Alcantara, Jose Eduardo"]
[Black "Kramnik, Vladimir"]
[Result "1-0"]
[Annotator "TA"]
[ECO "B50"]
[WhiteElo "2611"]
[BlackElo "2753"]
[PlyCount "79"]
[EventDate "2023.09.18"]
[EventType "k.o."]
[EventCountry "NET"]
[SourceTitle "playchess.com"]
[Source "ChessBase"]
[SourceQuality "1"]
[TimeControl "900+3"]

1. e4 c5 2. Nf3 d6 3. c3 Nf6 4. h3 Nc6 5. Bd3 g6 6. Bc2 Bg7 7. O-O {[%emt 0:00:01] 7.d4 is the modern continuation.} O-O 8. d4 e5 9. dxe5 {[%emt 0:00:03] B50: Sicilian: 2...d6, Miscellaneous.} dxe5 10. Qxd8 Rxd8 11. Bg5 {[%emt 0:00:06] [#]} Be6 $146 ({Predecessor:} 11... h6 12. Bxf6 Bxf6 13. Nbd2 b5 14. Rfd1 Be6 15. Nf1 h5 16. Ne3 Na5 17. Bd3 a6 {½-½ Szpar,M (2434)-Ter Sahakyan,S (2637) Wch Rapid Warsaw 2021 (6)}) 12. Nbd2 c4 13. Be3 h6 {[%emt 0:00:15] Prevents Ng5.} 14. b3 cxb3 15. axb3 a5 16. Nc4 b5 17. Ncxe5 Nxe5 18. Nxe5 Rdc8 {[%emt 0:00:07] Inhibits Nc6.} 19. Bd4 b4 20. c4 Nh5 21. Nf3 {[%emt 0:02:24] e5 would be deadly.} Nf4 {[%emt 0:00:04] And now ...Ne2+ would win.} 22. Rfe1 {[%emt 0:00:11] Dodges Ne2+} a4 23. Bxg7 Kxg7 (23... axb3 {simplifies} 24. Bxb3 Kxg7 25. Rxa8 Rxa8 26. Rb1 Ne2+) 24. bxa4 Rxc4 25. Bb3 Rc3 26. Bxe6 Nxe6 27. Reb1 (27. Re3 $11) 27... Ra3 $17 28. Rc1 Nf4 $1 {[%emt 0:01:06] Strongly threatening ...Ne2+.} ({And not} 28... R3xa4 29. Rab1 $15) 29. Kh2 R8xa4 (29... Nd3 $142 $1 30. Rxa3 bxa3) 30. Rab1 Ra2 31. Rc7 {[%emt 0:00:24] [#]} (31. Rc4 $17) 31... Ne6 $1 $19 (31... Rxf2 32. Kg3 Ne6 33. Rxf7+ Kxf7 34. Kxf2 $11) 32. Rb7 Rxf2 33. Ne1 (33. Ne5 $17 {was worth a try.}) 33... Re2 34. Nd3 Raa2 ({Inferior is} 34... Rxe4 35. R1xb4 Rexb4 36. Rxb4 Rxb4 37. Nxb4 $17) 35. Rg1 Rad2 ({Stronger than} 35... Rxe4 36. Rf1 Nd8 37. Rxb4) (35... Ng5 $19 {White must now prevent ...Nf3+.} 36. Ne5 Kf6 37. Ng4+ Ke6) 36. Ne5 $17 Rxe4 37. Nxf7 Nc5 38. Rc7 {[%emt 0:00:03] [#]} (38. Rb5 $17) 38... Rd7 $2 (38... Nd7 $1 $19 39. Nd8 b3) 39. Rxc5 $11 {[%emt 0:00:01] Threatens to win with Ne5.} Rxf7 40. Rb5 $1 {[%emt 0:00:01][%mdl 32768] Prevents Rb7.   Weighted Error Value: White=0.26 (precise) /Black=0.19 (very precise) . Loss on time!?} 1-0

[Event "AI Cup Div-3 2023"]
[Site "Online"]
[Date "2023.09.25"]
[Round "2.2"]
[White "Alekseev, Evgeny"]
[Black "Vaibhav, Suri"]
[Result "1-0"]
[Annotator "ChessBase"]
[ECO "C54"]
[WhiteElo "2573"]
[BlackElo "2588"]
[PlyCount "29"]
[EventDate "2023.09.18"]
[EventType "k.o."]
[EventCountry "NET"]
[SourceTitle "playchess.com"]
[Source "ChessBase"]
[SourceQuality "1"]
[TimeControl "900+3"]

1. e4 e5 2. Nf3 Nc6 3. Bc4 Bc5 4. c3 Nf6 5. d3 d6 6. O-O a5 7. Bb3 Ba7 8. Re1 h6 9. Be3 O-O 10. Bxa7 Rxa7 11. Nbd2 Nh5 12. Nc4 Nf4 13. Ne3 Qf6 14. g3 Nxd3 15. Nd5 1-0

[Event "AI Cup Div-3 2023"]
[Site "Online"]
[Date "2023.09.25"]
[Round "2.2"]
[White "Muradli, Mahammad"]
[Black "Xiong, Jeffery"]
[Result "0-1"]
[Annotator "TA"]
[ECO "D27"]
[WhiteElo "2550"]
[BlackElo "2693"]
[PlyCount "74"]
[EventDate "2023.09.18"]
[EventType "k.o."]
[EventCountry "NET"]
[SourceTitle "playchess.com"]
[Source "ChessBase"]
[SourceQuality "1"]
[TimeControl "900+3"]

1. d4 d5 2. c4 e6 3. Nf3 dxc4 4. e3 Nf6 5. Bxc4 c5 6. O-O a6 7. b3 {[%emt 0:00:01] seems to push 7.dxc5 aside.} b6 {[%emt 0:01:31] D27: Queen's Gambit Accepted: Classical main line: 7 e4!? and 7 a4.} 8. Bb2 Bb7 9. Nbd2 Nbd7 {[%emt 0:00:01] The position is equal.} 10. Be2 Be7 11. dxc5 Nxc5 12. Nd4 O-O 13. Bf3 Nd5 14. Qe2 {[%emt 0:01:12] [#]} b5 $146 ({Predecessor:} 14... Rc8 15. Rac1 b5 16. Ne4 Qb6 17. Nxc5 Bxc5 18. a3 Rfd8 19. b4 Bxd4 20. Bxd4 Qd6 {1-0 Dudin,G (2471)-Seres,L (2383) Budapest Vezerkepzo GM 10 2022 (7)}) 15. a3 Qb6 16. Rac1 Rac8 17. Rc2 g6 18. Rfc1 Rfd8 (18... Qd6 $11 {is more appropriate.}) 19. Bxd5 $14 exd5 20. N2f3 Ne4 21. Ne5 {[%emt 0:01:01] Strongly threatening Ndc6.} Bd6 {[%emt 0:00:42] [#]} (21... Rxc2 $1 $14 22. Rxc2 Rc8) 22. Nd3 $2 {[%emt 0:01:35] A dynamic duo of knights.} (22. Ndc6 $1 $18 ) 22... Rxc2 23. Qxc2 (23. Rxc2 {simplifies} Rc8 24. Rxc8+ Bxc8 25. Qd1) 23... Rc8 24. Qxc8+ Bxc8 25. Rxc8+ Bf8 26. Ne5 Qb7 27. Rd8 {[%emt 0:00:23] [#] Nd7 is the strong threat.} Qc7 $36 {[%emt 0:00:25][%csl LRd8,LRe5][%mdl 2048] Prevents Nd7. White is under pressure.} 28. Ndc6 (28. Nec6 $11) 28... f6 $19 {[%emt 0:00:14] Black is clearly winning.} 29. Rd7 Qc8 30. Rd8 Qe6 31. Nd7 Qxc6 32. f3 Qc2 33. fxe4 Qb1+ 34. Kf2 Qxb2+ 35. Kg3 Qxa3 36. exd5 Qd6+ 37. Kf2 Kf7 {[%emt 0:00:11] Weighted Error Value: White=0.40/Black=0.16 (very precise)} ({Weaker is} 37... Qxd5 38. Nxf6+ {[%mdl 64] Discovered Attack, Double Attack} (38. Nxf8 Qxd8 39. Nxg6 hxg6 40. g4 a5 41. h4 a4 42. bxa4 bxa4 43. Kg3 a3 44. h5 a2 45. h6 a1=Q 46. h7+ Kxh7 47. Kh3 Qh1+ 48. Kg3 Qd6+ 49. Kf2 Qdh2#) 38... Kf7 39. Nxd5 $18) (37... Kg7 38. Nxf8 Qe7 {[%mdl 64] Deflection} 39. Rd7 Kxf8 40. Rxe7 Kxe7 41. e4 $17) 0-1

[Event "AI Cup Div-3 2023"]
[Site "Online"]
[Date "2023.09.25"]
[Round "2.3"]
[White "Durarbayli, Vasif"]
[Black "Robson, Ray"]
[Result "0-1"]
[Annotator "TA"]
[ECO "C65"]
[WhiteElo "2625"]
[BlackElo "2699"]
[PlyCount "96"]
[EventDate "2023.09.18"]
[EventType "k.o."]
[EventCountry "NET"]
[SourceTitle "playchess.com"]
[Source "ChessBase"]
[SourceQuality "1"]
[TimeControl "900+3"]

1. e4 e5 2. Nf3 Nc6 3. Bb5 Nf6 4. d3 Bc5 5. c3 O-O 6. O-O {[%emt 0:00:04] C65: Ruy Lopez: Berlin Defence (3...Nf6), unusual lines and 4 0-0 Bc5.} d5 7. exd5 Qxd5 8. Bc4 {[%emt 0:00:03] The position is equal.} Qd8 9. b4 Bd6 10. Nbd2 h6 11. Re1 Re8 12. a4 a6 13. Ne4 Nxe4 14. dxe4 {[%emt 0:00:06] [#]} Be6 $146 ({Predecessor:} 14... Qf6 15. Be3 Bg4 16. Be2 Red8 17. Nd2 Be6 18. Bg4 a5 19. b5 Nb8 20. Bxe6 Qxe6 {1-0 So,W (2789)-Anand,V (2775) Leuven GCT rapid 2017 (6)}) 15. Bf1 (15. Bxe6 $14 Rxe6 16. Qd3) 15... a5 $11 16. b5 Nb8 17. Qc2 Nd7 18. Be3 Qe7 19. Nd2 Bc5 20. Nc4 Bxe3 21. Rxe3 b6 22. Rg3 Rad8 23. Re1 Nc5 24. h3 (24. Nxe5 $2 Bb3 25. Qc1 Qxe5 $19) 24... Qh4 25. Rf3 (25. Nxe5 $2 Bb3 26. Qb2 Rxe5 $19) 25... Qg5 26. Rg3 Qh4 27. Rf3 $1 (27. Nxe5 $2 Bb3 28. Qb2 Rxe5 $19) 27... Qg5 (27... Rd7 $17 28. Qb1 (28. Nxe5 $2 Bb3 $19 {[%mdl 64] Discovered Attack}) 28... f6) 28. Ree3 {[%emt 0:00:18] Black keeps a firm grip on the game.} (28. Rg3 $11 Qh5 29. Nd2) 28... h5 {[%emt 0:00:09] Black is much more active.} 29. Rg3 Qh6 30. h4 (30. Rgf3 $17) 30... Qf4 $19 31. Rg5 Qxh4 32. Reg3 {[%emt 0:00:21] [#]} (32. Rxe5 Bxc4 33. Rxe8+ Rxe8 34. Bxc4) 32... g6 (32... Nxe4 33. Rxg7+ Kh8 34. f3 $17) 33. Nxe5 Qxe4 (33... Nxe4 34. Rxg6+ fxg6 35. Nxg6 $17) 34. Qc1 Bf5 (34... Qxa4 35. Rxg6+ fxg6 36. Rxg6+ Kf8 37. Nc6) (34... Nb3 $142 35. Qe3 Qxe3 36. Rxe3 Rd1) 35. Rxh5 $2 (35. Nxg6 Bxg6 36. Rxh5) 35... Qxe5 (35... Rxe5 36. Qh6 f6 37. Qh8+ Kf7 38. Rh7+ Ke6 39. Qxd8 Bg4 40. Rxg4 Qxg4 41. Qc8+ Kd5 42. Qxg4) 36. Qh6 Qg7 ({Worse is} 36... Nxa4 37. Bc4 Rd1+ 38. Kh2 $11) 37. Qf4 Rd1 38. Qxc7 Ne4 {[%emt 0:00:26] ( -> ...Rxf1+)} ({Stronger than} 38... Nxa4 39. Rxf5 Nc5 40. Rf4 $17 (40. Qxb6 $2 {too greedy.} Ne4 $19)) 39. Qc6 Rxf1+ 40. Kh2 {[%emt 0:00:04] [#]} Rh1+ $3 41. Kxh1 Nxg3+ 42. Kh2 Nxh5 43. Qxe8+ Qf8 44. Qe5 Qd8 45. f3 Ng7 (45... Qh4+ $142 46. Kg1 Nf4 47. c4 Qg3 48. Qe8+ Kg7 49. Qe5+ f6 50. Qc7+ Kh6 51. Qxf4+ Qxf4 52. Kf1 Qe3 53. g4 Qd2 54. Kg1 Kg5 55. Kh1 Kf4 56. Kg1 Kxf3 57. gxf5 Qg2#) 46. g4 {[%emt 0:00:05] Black is clearly winning.} Bc2 47. Kg3 Bxa4 48. c4 Ne6 {[%emt 0:00:04] Weighted Error Value: White=0.74/Black=0.29 (precise)} 0-1

[Event "AI Cup Div-3 2023"]
[Site "Online"]
[Date "2023.09.26"]
[Round "3.1"]
[White "Sevian, Samuel"]
[Black "Xiong, Jeffery"]
[Result "1-0"]
[Annotator "TA"]
[ECO "D02"]
[WhiteElo "2698"]
[BlackElo "2693"]
[PlyCount "67"]
[EventDate "2023.09.18"]
[EventType "k.o."]
[EventCountry "NET"]
[SourceTitle "playchess.com"]
[Source "ChessBase"]
[SourceQuality "1"]
[TimeControl "900+3"]

1. Nf3 d5 2. d4 Nf6 3. Bf4 c5 4. e3 e6 5. Nbd2 Qb6 6. Rb1 {[%emt 0:00:05] D02: 1 d4 d5 2 Nf3 sidelines, including 2...Nf6 3 g3 and 2...Nf6 3 Bf4.} Bd6 {[%emt 0:00:05] is currently scoring better than 6...Nc6.} 7. Bg3 Nbd7 {[%emt 0:01:47] [#]} 8. c4 $146 {[%emt 0:00:52] The position is equal.} ({Predecessor:} 8. c3 Qc7 9. Bd3 O-O 10. a3 e5 11. dxe5 Nxe5 12. Nxe5 Bxe5 13. f4 Bd6 14. O-O {0-1 Ftiees,S (1797)-Al Qudaimi,B (2440) Sousse BICA op 1st 2021 (4)}) 8... cxd4 9. exd4 dxc4 10. Bxc4 O-O 11. Bd3 Bxg3 12. hxg3 Qd6 (12... h6 $11 {keeps the balance.}) 13. Nc4 {[%emt 0:00:21] White is more active.} (13. g4 $1 $16 ) 13... Qb4+ $14 14. Kf1 h6 15. Ne3 (15. a3 $14 Qe7 16. Nfe5) 15... Nb6 (15... b6 $1 $15) 16. g4 {[%emt 0:01:03] Hoping for g5.} Rd8 17. a3 $36 {[%emt 0:00:20][%mdl 2048] White has strong initiative.} Qd6 {[%emt 0:00:02] [#]} 18. g5 $2 (18. Rh4 $1 $16) 18... hxg5 $11 19. Nxg5 {[%emt 0:00:00] Qf3 is the strong threat.} Qf4 {[%emt 0:02:06] [#] This costs Black the game.} (19... Qxd4 $15 {keeps the upper hand.} 20. Rh8+ {[%mdl 64] Decoy} Kxh8 21. Nxf7+ Kg8 22. Nxd8 Qh4) 20. Nf3 $1 $18 {[%emt 0:00:08][%cal Bg5f3,Bf3e5,Be5c4][%mdl 32] aiming for Rh4.} Bd7 21. Rh4 {[%emt 0:00:07] Inhibits Bc6.} Qd6 (21... Qc7 22. Ne5 Bc6) 22. Ne5 Be8 (22... Bc6 $142 23. Rh8+ {[%mdl 64] Decoy} Kxh8 24. Nxf7+ Kg8 25. Nxd6 Rxd6) 23. Qf3 {[%emt 0:00:06] White is clearly winning.} Nbd7 (23... Nbd5 $142 24. Re1 Nxe3+ 25. fxe3 Qd5) 24. Qh3 (24. Qxb7 $2 {is the wrong capture.} Nxe5 25. Bc2 Nc6 $19) 24... Kf8 25. N5c4 ({Weaker is} 25. Rh8+ Ke7 26. Nf3 Nb6 $18) 25... Qc7 26. Rh8+ Ke7 {[%emt 0:00:00] [#]} 27. Nf5+ $1 exf5 28. Re1+ (28. Qxf5 Nf8 29. Re1+ Ne6 $17) 28... Ne4 29. Qxf5 Ndf6 30. Bxe4 {[%emt 0:00:11] Intending Bd3+ and mate.} Qxc4+ 31. Bd3+ Qe6 32. Rxe6+ fxe6 33. Qg5 Bg6 34. Qxg6 {[%emt 0:00:04] An entertaining game by Sevian.   Weighted Error Value: White=0.24 (precise) /Black=0.56} 1-0

[Event "AI Cup Div-3 2023"]
[Site "Online"]
[Date "2023.09.26"]
[Round "3.1"]
[White "Tomashevsky, Evgeny"]
[Black "Alekseev, Evgeny"]
[Result "1/2-1/2"]
[Annotator "ChessBase"]
[ECO "D36"]
[WhiteElo "2694"]
[BlackElo "2573"]
[PlyCount "97"]
[EventDate "2023.09.18"]
[EventType "k.o."]
[EventCountry "NET"]
[SourceTitle "playchess.com"]
[Source "ChessBase"]
[SourceQuality "1"]
[TimeControl "900+3"]

1. c4 e6 2. Nc3 d5 3. d4 Nf6 4. cxd5 exd5 5. Bg5 c6 6. e3 Be7 7. Bd3 Nbd7 8. Qc2 Nh5 9. Bxe7 Qxe7 10. O-O-O Nb6 11. Kb1 g6 12. Nf3 Be6 13. Rc1 Ng7 14. h4 O-O-O 15. Na4 Kb8 16. Nc5 Bf5 17. Ne5 f6 18. Nf3 Bxd3 19. Qxd3 Ne8 20. h5 g5 21. h6 Nd6 22. Nd2 Rde8 23. g3 Nd7 24. Ndb3 Nxc5 25. Nxc5 Ne4 26. Qc2 Nxc5 27. Qxc5 Qxc5 28. Rxc5 Re6 29. b4 a6 30. a4 b5 31. axb5 axb5 32. Rc3 Kb7 33. Ra3 Ree8 34. Kb2 Ra8 35. Rxa8 Rxa8 36. g4 Kc7 37. Re1 Kd6 38. f3 Rg8 39. e4 Rg6 40. Rh1 Rg8 41. Kc3 Ra8 42. Kb3 Rg8 43. Ra1 Rg6 44. Rh1 Rg8 45. Kb2 Rg6 46. Kc3 Rg8 47. Kb2 Rg6 48. Kc3 Rg8 49. Kb2 1/2-1/2

[Event "AI Cup Div-3 2023"]
[Site "Online"]
[Date "2023.09.26"]
[Round "3.1"]
[White "Meier, Georg"]
[Black "Robson, Ray"]
[Result "1/2-1/2"]
[Annotator "TA"]
[ECO "D73"]
[WhiteElo "2628"]
[BlackElo "2699"]
[PlyCount "124"]
[EventDate "2023.09.18"]
[EventType "k.o."]
[EventCountry "NET"]
[SourceTitle "playchess.com"]
[Source "ChessBase"]
[SourceQuality "1"]
[TimeControl "900+3"]

1. Nf3 d5 2. g3 c5 3. Bg2 Nf6 4. O-O g6 5. c3 Bg7 6. d4 cxd4 7. cxd4 Nc6 8. Ne5 Bd7 9. Nc3 e6 {[%emt 0:00:03] D73: Fianchetto Grünfeld: 5 Nf3 .} 10. Nxd7 (10. Bg5 {keeps more tension.} h6 11. Bxf6 Bxf6 12. f4) 10... Qxd7 11. e3 O-O 12. Qe2 {[%emt 0:00:01] [#]} Rac8 $146 ({Predecessor:} 12... Rfc8 13. Bd2 Ne8 14. Rfd1 Nd6 15. Be1 Rc7 16. f3 Rac8 17. Bf2 Ne7 18. a4 Qc6 {½-½ Prohaszka,P (2593)-Smith,B (2453) Zalakaros op 35th 2016 (4)}) 13. Bd2 Ne8 14. Rfc1 Nd6 15. Be1 Rc7 16. Qd1 Rfc8 17. Ne2 Bf8 18. Nf4 h5 19. Nd3 Bh6 20. Rc2 Qe7 21. Rac1 Nc4 22. Nf4 Bxf4 23. gxf4 Nb4 24. Bxb4 Qxb4 25. Qe2 {[%emt 0:00:21] [#] Hoping for b3.} (25. b3 $5 Nb2 26. Rxc7 (26. Rxb2 $2 {is the wrong capture.} Rxc1 27. Rb1 Rxd1+ $19) 26... Rxc7 27. Qf1 $11) 25... Qe7 26. Bf1 Nd6 27. Qd1 Kg7 28. Bd3 Qd7 (28... Ne8 {simplifies} 29. Rxc7 Rxc7 30. Rxc7 Qxc7 31. Qd2 Qd8) 29. Rc5 Nc4 30. Bxc4 dxc4 31. Rg5 c3 32. bxc3 (32. Qxh5 $2 {loses.} cxb2 33. Rxc7 b1=Q+ $19) 32... Rxc3 33. Rxc3 Rxc3 34. Qxh5 $11 {[%emt 0:01:17][%mdl 4096] Endgame KQR-KQR} Qc6 {[%emt 0:00:27] [#] ( -> ...Rc1+)} 35. d5 exd5 36. Qf3 $1 d4 37. Qxc6 bxc6 38. exd4 {[%emt 0:00:04] KR-KR. The position is equal.} Ra3 39. f5 Rxa2 40. fxg6 fxg6 41. Rc5 Rd2 42. Rxc6 Rxd4 43. Rc7+ Kf6 44. Rxa7 Rd3 45. Kg2 g5 46. Ra4 Kf5 47. h3 Rc3 48. Rg4 Rb3 49. Rg3 Rb2 50. Rf3+ Kg6 51. Rg3 Kf5 52. Re3 Ra2 53. Kg3 Rb2 54. Rf3+ Kg6 55. h4 gxh4+ 56. Kxh4 Rb4+ 57. Kg3 Kg5 58. Re3 Kf5 59. f3 Ra4 60. Rb3 Rc4 61. Rb5+ Kf6 62. f4 Rc1 {[%emt 0:00:02] An even fight not without its subleties.   Weighted Error Value: White=0.04 (flawless) /Black=0.03 (flawless)} 1/2-1/2

[Event "AI Cup Div-3 2023"]
[Site "Online"]
[Date "2023.09.26"]
[Round "3.1"]
[White "Martinez Alcantara, Jose Eduardo"]
[Black "Mamedov, Rauf"]
[Result "1/2-1/2"]
[Annotator "ChessBase"]
[ECO "B31"]
[WhiteElo "2611"]
[BlackElo "2640"]
[PlyCount "174"]
[EventDate "2023.09.18"]
[EventType "k.o."]
[EventCountry "NET"]
[SourceTitle "playchess.com"]
[Source "ChessBase"]
[SourceQuality "1"]
[TimeControl "900+3"]

1. e4 c5 2. Nf3 Nc6 3. Bb5 g6 4. O-O Bg7 5. c3 Nf6 6. Re1 O-O 7. h3 e5 8. d3 d6 9. Be3 Bd7 10. Nbd2 a6 11. Ba4 h6 12. a3 b5 13. Bc2 Rc8 14. b4 cxb4 15. axb4 a5 16. bxa5 Nxa5 17. Ra3 Nc6 18. Bb3 Nh5 19. Qb1 Nf4 20. d4 g5 21. Ra6 Qe7 22. Bd5 Nb8 23. Ra7 Rxc3 24. Bxf4 gxf4 25. dxe5 dxe5 26. Qxb5 Bxb5 27. Rxe7 Nd7 28. Rb1 Bf6 29. Rxf7 Rxf7 30. Rxb5 Rc1+ 31. Kh2 Kg7 32. Bxf7 Kxf7 33. Nb3 Rf1 34. Rd5 Ke6 35. Rd2 Rb1 36. Rd3 Rf1 37. Nbd2 Rxf2 38. Kg1 Re2 39. Kf1 Re3 40. Rxe3 fxe3 41. Nb3 Bd8 42. Ke2 Bb6 43. Ng1 Nf6 44. Kf3 h5 45. Ne2 h4 46. g3 hxg3 47. Nxg3 Nh7 48. h4 Nf6 49. Na1 Bd8 50. h5 Nh7 51. Nc2 Bb6 52. Nxe3 Ng5+ 53. Ke2 Nh3 54. Nef5 Kf6 55. Kf3 Ng5+ 56. Kg4 Nf7 57. Ne2 Ba5 58. Nfg3 Nh6+ 59. Kf3 Kg5 60. Nc1 Be1 61. Nge2 Kxh5 62. Nd3 Ba5 63. Nxe5 Kg5 64. Nc6 Bc7 65. Ned4 Kf6 66. Nb4 Be5 67. Nd5+ Kf7 68. Nc6 Ba1 69. Kf4 Ke6 70. Na5 Nf7 71. Nc4 Be5+ 72. Kg4 Bb8 73. Nb4 Ne5+ 74. Nxe5 Bxe5 75. Nd3 Bd6 76. Kf3 Kf6 77. Ke3 Ke6 78. Kd4 Bc7 79. Nc5+ Ke7 80. Kd5 Bh2 81. Ne6 Bg3 82. Nd4 Bh2 83. Nf3 Bg3 84. Nd4 Bh2 85. Nf5+ Kf6 86. Ne3 Ke7 87. e5 Bxe5 1/2-1/2

[Event "AI Cup Div-3 2023"]
[Site "Online"]
[Date "2023.09.26"]
[Round "3.2"]
[White "Robson, Ray"]
[Black "Meier, Georg"]
[Result "1-0"]
[Annotator "TA"]
[ECO "C10"]
[WhiteElo "2699"]
[BlackElo "2628"]
[PlyCount "39"]
[EventDate "2023.09.18"]
[EventType "k.o."]
[EventCountry "NET"]
[SourceTitle "playchess.com"]
[Source "ChessBase"]
[SourceQuality "1"]
[TimeControl "900+3"]

1. e4 e6 2. d4 d5 3. Nc3 dxe4 4. Nxe4 Nd7 5. Nf3 Ngf6 6. Bd3 c5 7. Qe2 {[%emt 0:00:16] C10: French with 3 Nc3: Unusual Black 3rd moves and 3...dxe4.} Nxe4 {[%emt 0:00:12] has lost popularity (7...cxd4).} 8. Qxe4 cxd4 9. Qxd4 {[%emt 0:01:05] White has an edge.} Nc5 {[%emt 0:00:17] [#]} 10. Qxd8+ $5 $146 {[%emt 0:00:21][%mdl 8] An interesting novelty.} ({Predecessor:} 10. Be2 Qxd4 11. Nxd4 Be7 12. Be3 Bd7 13. O-O-O a6 14. f4 Rd8 15. Bf3 Bc8 16. Rd2 {½-½ Istratescu,A (2619)-Pelletier,Y (2589) La Roche sur Yon 2nd 2007 (3)}) 10... Kxd8 11. Bc4 Bd6 12. Be3 {[%emt 0:00:41] 0-0-0 would be deadly.} Ke7 13. O-O-O b6 14. Rhe1 {[%emt 0:00:32] White is more active.} Bb7 (14... Rd8 $142) 15. Bg5+ $16 f6 {[%emt 0:00:08] [#]} 16. Nd4 $1 $36 {[%emt 0:00:14][%mdl 2048] Nf5+ is the strong threat. White has strong initiative.} Ne4 $2 {[%emt 0:01:53] [#] This costs Black the game.} (16... fxg5 $16 {is a better defense.} 17. Nf5+ {[%mdl 64] Discovered Attack, Deflection, Double Attack} Kf6 18. Nxd6 Ba6) 17. Be3 $1 $18 Bxh2 (17... g6 {was called for.} 18. Nxe6 Rac8) 18. Nxe6 ({Not} 18. Bxe6 Be5 $16) 18... Nd6 (18... Rac8 {keeps fighting.} 19. Bb3 g6) 19. Bb3 Bxg2 20. Bf4 {[%emt 0:00:35] Weighted Error Value: White=0.02 (flawless) /Black=0.56} 1-0